 Dungeon Crawl Stone Soup version 0.28-a0-43-g560ac104fe (webtiles) character file.

Game seed: 7146328931703570109

92 horus123 the Skirmisher (level 4, -3/35 HPs)
             Began as a Demonspawn Fighter on July 28, 2021.
             Killed from afar by an orc wizard (12 damage)
             ... with a puff of flame
             ... on level 3 of the Dungeon.
             The game lasted 00:08:25 (2268 turns).

horus123 the Skirmisher (Demonspawn Fighter)        Turns: 2268, Time: 00:08:27

Health: -3/35      AC:  6    Str: 18    XL:     4   Next: 35%
Magic:  4/4        EV: 11    Int:  9    God:
Gold:   132        SH:  0    Dex: 12    Spells: 3/3 levels left

rFire   . . .      SeeInvis .   a - +0 trident
rCold   . . .      Faith    .   c - +0 kite shield
rNeg    . . .      Spirit   .   b - +0 scale mail
rPois   .          Reflect  .   (no helmet)
rElec   .          Harm     +   j - scarf {harm}
rCorr   .          Rampage  .   (no gloves)
Will    .....                   (no boots)
Stlth   ..........              (no amulet)
HPRegen 0.11/turn               g - +4 ring of evasion
MPRegen 0.09/turn               (no ring)

@: confused
A: claws 1
a: no special abilities


You were on level 3 of the Dungeon.
You visited 1 branch of the dungeon, and saw 3 of its levels.

You collected 132 gold pieces.

Inventory:

Hand Weapons
 a - a +0 trident (weapon)
Missiles
 e - 7 poisoned darts (quivered)
Armour
 b - a +0 scale mail (worn)
 c - a +0 kite shield (worn)
 j - a scarf of harm (worn)
Jewellery
 g - a +4 ring of evasion (left claw)
Scrolls
 k - a scroll of identify
Potions
 d - a potion of might
 f - a potion of ambrosia {unknown}
 h - 2 potions of degeneration
 i - a potion of flight {unknown}


   Skills:
 + Level 3.2 Fighting
 * Level 3.0 Polearms
 + Level 0.3 Throwing
 + Level 3.1 Armour
 + Level 0.7 Dodging
 + Level 3.1 Shields


You had 3 spell levels left.
You didn't know any spells.
Your spell library contained the following spells:

 Spells                   Type           Power      Damage    Failure   Level
 Freeze                   Ice            0%         1d3       99%         1
 Frozen Ramparts          Ice            0%         1d2       100%        3
 Hailstorm                Conj/Ice       0%         3d3       100%        4


Dungeon Overview and Level Annotations

Branches:
Dungeon (3/15)

Altars:

Annotations:
D:3 3 runed translucent doors, Persephone's ghost, amateur DsBe


Innate Abilities, Weirdness & Mutations

You have sharp fingernails.


Message History

You puncture something!
Something hits you but does no damage. x2
Your scale mail prevents you from hitting something.
You block something's attack.
You closely miss something. Something hits you. You block something's attack.
You closely miss something. You block something's attack.
You miss something. Something barely misses you.
You barely miss something.
An orc wizard appears from thin air!
Reactivating autopickup.
You block the orc wizard's attack.
The orc wizard gestures at you while chanting.
The magic dart hits you!
You closely miss the orc wizard.
The orc wizard is severely wounded.
The orc wizard barely misses you.
You hit the orc wizard but do no damage.
The orc wizard is severely wounded.
The orc wizard hits you but does no damage.
The orc wizard barely misses you.
You closely miss the orc wizard.
The orc wizard is severely wounded.
The orc wizard hits you but does no damage.
You barely miss the orc wizard.
The orc wizard is severely wounded.
The orc wizard hits you with a +0 dagger.
* * * LOW HITPOINT WARNING * * *
The orc wizard hits you but does no damage.
You hit the orc wizard.
The orc wizard is almost dead.
The orc wizard hits you with a +0 dagger.
* * * LOW HITPOINT WARNING * * *
You closely miss the orc wizard.
The orc wizard is almost dead.
The orc wizard hits you but does no damage.
You hit the orc wizard.
The orc wizard is almost dead.
The orc wizard casts a spell at you.
You are confused.
The orc wizard points at you and mumbles some strange words.
The puff of flame hits you!
You die...

..####..####....##.##.########
..#....####........##.#
..#....#....##........#
..#....#.######.....###
.........# #.....#
..#.....#######.....#
........##.....(.#..#
.###....##.#####.o..## .#
#.......# #@#...# .# #....####
#.....# ## #....###### ###...#
# #.........#####...# #
#...#####.........#
#####........##.#.#..#
.............##..o.......#
.............#...........#
.............#.............


You could see an orc wizard.

Vanquished Creatures
  Natasha (twice) (D:2)
  An adder (D:2)
  An orc (D:3)
  3 endoplasms (D:1)
  A giant cockroach (D:1)
  4 goblins
  5 hobgoblins (D:1)
  4 jackals (D:3)
  3 ball pythons
  A bat (D:2)
  3 kobolds (D:1)
  A rat (D:1)
29 creatures vanquished.

Notes
Turn   | Place    | Note
-------+----------+-------------------------------------------
     0 | D:1      | horus123 the Demonspawn Fighter began the quest for the
                  | Orb.
     0 | D:1      | Reached XP level 1. HP: 18/18 MP: 1/1
   600 | D:1      | Gained mutation: You have sharp fingernails. [demonic
                  | ancestry]
   600 | D:1      | Reached XP level 2. HP: 14/24 MP: 2/2
  1463 | D:2      | Reached XP level 3. HP: 21/29 MP: 3/3
  1589 | D:2      | Noticed Natasha
  1595 | D:2      | Killed Natasha
  1826 | D:2      | Noticed Natasha
  1840 | D:2      | Killed Natasha
  1841 | D:2      | Reached XP level 4. HP: 33/35 MP: 4/4
  2122 | D:3      | Noticed Persephone's ghost (amateur DsBe)
  2122 | D:3      | Noticed a steam dragon
  2123 | D:3      | Found a runed translucent gate.
  2124 | D:3      | Found a runed translucent gate.
  2124 | D:3      | Found a runed translucent gate.
  2268 | D:3      | Killed from afar by an orc wizard

Illustrated notes

Levels and vault maps discovered:
D:1:      co_arrival_two_rings, layout_loops_ring
D:2:      layout_loops_ring, uniq_natasha
D:3:      layout_rooms, hellmonk_ecumenical_altar_dog_temple,
          gammafunk_ghost_split

Skill      XL: |  1  2  3 |
---------------+----------+-----
Polearms       | 2 3 |  3.0
Shields        | 3 |  3.1
Armour         | 3 |  3.1
Fighting       | |  3.2
Throwing       | |  0.3
Dodging        | |  0.7

Action                   |  1- 3 |  4- 6 || total
-------------------------+-------+-------++-------
Melee: Trident           |    96 |    36 ||   132
Throw: Dart              |     5 |       ||     5
  Use: Scroll            |     1 |     1 ||     2
Armor: Scale mail        |    29 |    16 ||    45
       Skin              |     7 |       ||     7
Dodge: Dodged            |    31 |    26 ||    57
Block: Kite shield       |    45 |    18 ||    63

Table legend: (Time is in decaauts)
 A = Elapsed time spent in this place.
 B = Non-inter-level travel time spent in this place.
 C = Inter-level travel time spent in this place.
 D = Time resting spent in this place.
 E = Time spent auto-exploring this place.
 F = Levels seen in this place.
 G = Mean time per level.
                   A        B        C        D        E       F      G
               +--------+--------+--------+--------+--------+-----+--------+
         Total |   2334 |   2269 |     65 |    697 |   1113 |   3 |  778.0 |
       Dungeon |   2334 |   2269 |     65 |    697 |   1113 |   3 |  778.0 |
               +--------+--------+--------+--------+--------+-----+--------+

Top non-repeatable levels by time:
     D:1: 1302 daAuts
     D:2: 786 daAuts
     D:3: 245 daAuts
